 Dungeon Crawl Stone Soup version 0.24-b1-48-gd9db55c (webtiles) character file.

Game seed: 14647975129966991361, levelgen mode: deterministic

654 Fang the Skirmisher (level 7, 0/44 HPs)
             Began as a Gargoyle Berserker on Oct 24, 2019.
             Was a Priest of Trog.
             Slain by Pikel
             ... wielding a +1 whip of flaming
              (2 damage)
             ... on level 3 of the Dungeon.
             The game lasted 00:03:55 (3595 turns).

Fang the Skirmisher (Gargoyle Berserker)            Turns: 3595, Time: 00:03:55

Health: 0/44       AC: 14    Str: 22    XL:     7   Next: 54%
Magic:  7/7        EV:  9    Int:  8    God:    Trog [***...]
Gold:   197        SH:  0    Dex:  9    Spells: 6/6 levels left

rFire    . . .     SeeInvis .   a - +0 hand axe
rCold    . . .     Gourm    .   (no shield)
rNeg     + . .     Faith    .   b - +0 chain mail
rPois    ∞         Spirit   .   (no helmet)
rElec    +         Reflect  .   (no cloak)
rCorr    .         Harm     .   (no gloves)
MR       .....                  (no boots)
Stlth    ..........             (no amulet)
HPRegen  0.14/turn              (no ring)
MPRegen  0.10/turn              (no ring)

@: no status effects
A: negative energy resistance 1, electricity resistance, unbreathing,
petrification resistance, rot immunity, AC +4
a: Berserk, Trog's Hand, Renounce Religion


You were on level 3 of the Dungeon.
You worshipped Trog.
Trog was most pleased with you.
You were near starving.

You visited 1 branch of the dungeon, and saw 4 of its levels.

You collected 197 gold pieces.

Inventory:

Hand Weapons
 a - a +0 hand axe (weapon)
Armour
 b - a +0 chain mail (worn)
Scrolls
 e - a scroll of enchant weapon {unknown}
 g - 4 scrolls of remove curse {unknown}
 h - 2 scrolls of teleportation {unknown}
 j - 4 scrolls of identify {unknown}
 k - a scroll of magic mapping {unknown}
 l - a scroll of noise {unknown}
 m - a scroll of amnesia {unknown}
 o - a scroll of enchant armour {unknown}
 p - a scroll of fog {unknown}
Potions
 d - 2 potions of lignification {unknown}
 i - a potion of might {unknown}
 n - a potion of heal wounds {unknown}
Comestibles
 c - 6 rations
 f - 4 chunks of flesh


   Skills:
 + Level 5.4 Fighting
 + Level 4.5 Axes
 + Level 4.8 Armour
 + Level 3.6 Dodging


You had 6 spell levels left.
You didn't know any spells.
Your spell library was empty.

Dungeon Overview and Level Annotations

Branches:
Dungeon (4/15)
 Temple: D:4-7

Altars:
Fedhas
Kikubaaqudgha
Nemelex Xobeh
Wu Jian

Annotations:
D:3 Pikel
D:4 1 runed translucent door, Crazy Yiuf


Innate Abilities, Weirdness & Mutations

You are resistant to torment.
Your stone body is resilient. (AC +4)
You are immune to poison.
You resist negative energy. (rN+)
You are resistant to electric shocks. (rElec)
You can survive without breathing.
You are immune to petrification.
You are immune to rotting.


Message History

Pikel is severely wounded.
Pikel closely misses you.
You hit Pikel but do no damage.
Pikel is severely wounded.
Pikel barely misses you.
You barely miss Pikel.
Pikel is severely wounded.
Pikel completely misses you.
You miss Pikel.
Pikel is severely wounded.
Pikel hits you but does no damage.
You hit Pikel but do no damage.
Pikel is severely wounded.
Pikel hits you but does no damage.
You barely miss Pikel.
Pikel is severely wounded.
Pikel hits you with a +1 whip of flaming.
* * * LOW HITPOINT WARNING * * *
Pikel burns you.
You die...

.###..#.# #>......# #.
.....##.##### #.......# #.
######..##..# #..(....# ##
.....#..##.## #>......# ####
##......##.# #.......####...
#.........# #[.......##....
##...#..### #............##
#.......###############....####
#..##....##...@Kp.†............
#..###############.>...........
##..# ######.#.#.#########....#.
##...###...#.⌠.#.⌠.## ###.#.#..
.....##.#.#.#.#.#.#.#####........
.....#.⌠.#.⌠.#.⌠.#...#....#.#####
#....'..#.#.#.#.#.⌠.⌠#......# #
#....'.#.⌠.#.⌠.#..._.#...#### #
#.#..'..#.#.#.#.#.⌠.⌠#...# ######


You could see Pikel and a slave.

Vanquished Creatures
  Menkaure (D:4)
  Purgy (D:3)
  2 slaves (D:4)
  An ogre (D:2)
  A bullfrog zombie (D:3)
  An orc priest (D:4)
  Ijyb (D:4)
  Natasha (D:3)
  3 worker ants
  A gnoll (D:2)
  4 adders
  3 oozes
  An adder skeleton (D:4)
  3 worms
  2 dart slugs (D:1)
  3 leopard geckos
  An orc (D:4)
  A ball python (D:3)
  3 bat skeletons (D:3)
  A bat zombie (D:3)
  6 giant cockroaches
  6 hobgoblins
  10 jackals
  3 quokkas
  8 bats
  5 frilled lizards
  11 goblins
  6 kobolds
  A quokka skeleton (D:4)
  15 rats
106 creatures vanquished.

Notes
Turn   | Place    | Note
-------+----------+-------------------------------------------
     0 | D:1      | Fang the Gargoyle Berserker began the quest for the Orb.
     0 | D:1      | Reached XP level 1. HP: 14/14 MP: 1/1
   235 | D:1      | Reached XP level 2. HP: 14/19 MP: 2/2
   622 | D:1      | Reached XP level 3. HP: 21/23 MP: 3/3
   852 | D:1      | Reached ** piety under Trog
  1343 | D:2      | Found an ornate altar of the Wu Jian Council.
  1487 | D:2      | Found a blossoming altar of Fedhas.
  1574 | D:2      | Noticed an ogre
  1581 | D:2      | Killed an ogre
  1581 | D:2      | Reached skill level 4 in Fighting
  1581 | D:2      | Reached XP level 4. HP: 29/29 MP: 4/4
  1581 | D:2      | Reached XP level 5. HP: 33/33 MP: 5/5
  2054 | D:3      | Found a sparkling altar of Nemelex Xobeh.
  2172 | D:3      | Found an ancient bone altar of Kikubaaqudgha.
  2315 | D:3      | Reached XP level 6. HP: 38/39 MP: 6/6
  2355 | D:3      | Reached *** piety under Trog
  2446 | D:3      | Noticed Natasha
  2478 | D:3      | Killed Natasha
  2548 | D:3      | Noticed Purgy
  2559 | D:3      | Killed Purgy
  2891 | D:4      | Noticed Ijyb
  2891 | D:4      | Paralysed by Ijyb for 2 turns
  2898 | D:4      | Paralysed by Ijyb for 5 turns
  2905 | D:4      | Paralysed by Ijyb for 3 turns
  2928 | D:4      | Killed Ijyb
  2928 | D:4      | Reached skill level 5 in Fighting
  2928 | D:4      | Reached XP level 7. HP: 44/44 MP: 7/7
  3158 | D:4      | Found a runed translucent door.
  3159 | D:4      | Noticed Crazy Yiuf
  3185 | D:4      | Noticed Menkaure
  3197 | D:4      | Killed Menkaure
  3510 | D:4      | Noticed Pikel
  3595 | D:3      | HP: 2/44 [Pikel/+1 whip of flaming (4)]
  3595 | D:3      | Slain by Pikel

Skill      XL: |  1  2  3  4  5  6 |
---------------+-------------------+-----
Axes           | 3 4 |  4.5
Dodging        | 2 3 |  3.6
Fighting       | 4 5 |  5.4
Armour         | 3 4 |  4.8

Action                   |  1- 3 |  4- 6 |  7- 9 || total
-------------------------+-------+-------+-------++-------
Melee: Hand axe          |   108 |   247 |   106 ||   461
Invok: Berserk           |     1 |     3 |     2 ||     6
       Trog's Hand       |       |       |     1 ||     1
  Eat: Chunk             |     2 |     8 |     4 ||    14
Armor: Animal skin       |    33 |    34 |       ||    67
       Chain mail        |       |   182 |    78 ||   260
Dodge: Dodged            |    76 |   153 |    70 ||   299
